 Dungeon Crawl Stone Soup version 0.23.2-40-g277498a001 (webtiles) character file.

Game seed: 12923697034777603041

143073 Amplified the Spear-Bearer (level 17, -19/110 HPs)
             Began as a Gargoyle Wanderer on Oct 18, 2019.
             Was the Champion of Ashenzari.
             Blown up by an orb spider (44 damage)
             ... with an orb of destruction
             ... on level 4 of the Spider Nest.
             The game lasted 00:42:20 (24146 turns).

Amplified the Spear-Bearer (Gargoyle Wanderer)     Turns: 24146, Time: 00:42:20

Health: -19/110    AC: 46    Str: 17    XL:     17   Next: 36%
Magic:  2/32       EV:  6    Int: 24    God:    Ashenzari [******]
Gold:   216        SH:  0    Dex: 17    Spells: 30/38 levels left

rFire    + . .     SeeInvis +   u - +13 scythe of Curses {drain, *Curse} (curse)
rCold    + . .     Gourm    .   (shield currently unavailable)
rNeg     + + +     Faith    .   k - +7 chain mail of Vuxanod {rPois Str+2 Int+3 Dex-5}
rPois    ∞         Spirit   .   y - +0 helmet of Herustor {rCorr Int-4 Dex+2}
rElec    +         Reflect  +   A - +3 cloak of Banu {rC+ Dex+4 Slay+3} (curse)
rCorr    +         Harm     .   I - +2 pair of gloves {Dex+3} (curse)
MR       +....     Clarity  +   L - +2 pair of boots {run} (curse)
Stlth    ..........             q - amulet "Tamats" {Reflect *Corrode rF+ rN+++ Int+2 SH+6} (curse)
HPRegen  0.28/turn              c - +2 ring of dexterity (curse)
MPRegen  0.23/turn              o - +4 ring of intelligence

@: held, quick
A: big wings, negative energy resistance 1, electricity resistance, unbreathing,
petrification resistance, rot immunity, AC +12
a: Fly, Curse Item, Scrying, Transfer Knowledge, Renounce Religion


You were on level 4 of the Spider Nest.
You worshipped Ashenzari.
Ashenzari was exalted by your worship.
You were hungry.

You visited 5 branches of the dungeon, and saw 28 of its levels.

You collected 2971 gold pieces.
You spent 2755 gold pieces at shops.

Inventory:

Hand Weapons
 u - the cursed +13 scythe of Curses (weapon) {drain, *Curse}
   (You acquired it on level 6 of the Dungeon)

   A truly terrible weapon, it drains the life of those it strikes.
   It curses itself when equipped.
   It has a curse placed upon it.
 D - the +11 glaive of Expedience {freeze, rElec Str+2 Int+6}
   (You found it on level 5 of the Lair of Beasts)

   It has been specially enchanted to freeze those struck by it, causing extra
   injury to most foes and up to half again as much damage against particularly
   susceptible opponents.
   It can also slow down cold-blooded creatures.
   It affects your strength (+2).
   It affects your intelligence (+6).
   It insulates you from electricity.
Missiles
 p - 3 javelins of penetration
Armour
 k - the +7 chain mail of Vuxanod (worn) {rPois Str+2 Int+3 Dex-5}
   (You bought it in a shop on level 4 of the Dungeon)

   It affects your strength (+2).
   It affects your intelligence (+3).
   It affects your dexterity (-5).
   It protects you from poison.
 y - the +0 helmet of Herustor (worn) {rCorr Int-4 Dex+2}
   (You found it on level 8 of the Dungeon)

   It affects your intelligence (-4).
   It affects your dexterity (+2).
   It provides partial protection from all sources of acid and corrosion.
 A - the cursed +3 cloak of Banu (worn) {rC+ Dex+4 Slay+3}
   (You bought it in a shop on level 15 of the Dungeon)

   It affects your dexterity (+4).
   It affects your accuracy and damage with ranged weapons and melee attacks
   (+3).
   It protects you from cold.
   It has a curse placed upon it.
 I - a cursed +2 pair of gloves of dexterity (worn)
 J - the +10 large shield of Ignorance {rN+ Int-4}
   (You found it on level 4 of the Spider Nest)

   It affects your intelligence (-4).
   It protects you from negative energy.
 L - a cursed +2 pair of boots of running (worn)
Jewellery
 c - a cursed +2 ring of dexterity (left hand)
 i - an uncursed ring of protection from fire
 o - a +4 ring of intelligence (right hand)
 q - the cursed amulet "Tamats" (around neck) {Reflect *Corrode rF+ rN+++ Int+2 SH+6}
   (You found it on level 3 of the Lair of Beasts)

   [amulet of reflection]

   It shields you and reflects attacks.
   It affects your intelligence (+2).
   It protects you from fire.
   It renders you almost immune to negative energy.
   It may corrode you when you take damage.
   It affects your SH (+6).
   It has a curse placed upon it.
 F - an uncursed amulet of harm
 H - an uncursed amulet of the acrobat
Wands
 h - a wand of iceblast (33)
 w - a wand of disintegration (10)
 C - a wand of random effects (23)
 G - a wand of paralysis (11)
 M - a wand of digging (4)
 P - a wand of flame (23)
Scrolls
 b - 8 scrolls of teleportation
 d - a scroll of amnesia
 f - a scroll of remove curse
 l - 7 scrolls of identify
 s - 2 scrolls of fear
 z - 3 scrolls of fog
 E - 6 scrolls of magic mapping
 K - 3 scrolls of enchant weapon
 O - a scroll of holy word
 Q - a scroll of brand weapon
 R - a scroll of summoning
 U - a scroll of blinking
Potions
 a - 2 potions of agility
 e - 7 potions of curing
 g - 2 potions of resistance
 j - 3 potions of haste
 m - 4 potions of magic
 v - 2 potions of ambrosia
 x - 5 potions of mutation
 B - a potion of brilliance
 N - a potion of might
 S - a potion of cancellation
 T - 2 potions of heal wounds
Comestibles
 n - 52 rations


   Skills:
 + Level 13.9 Fighting
   Level 4.1 Long Blades
   Level 1.1 Maces & Flails
 * Level 14.9(20.1) Polearms
 - Level 1.7 Throwing
 - Level 9.6(13.9) Armour
 + Level 8.1 Dodging
 * Level 11.3 Spellcasting
 - Level 5.9(9.0) Hexes
 - Level 7.2(10.3) Summonings
 - Level 8.8(11.7) Air Magic


You had 30 spell levels left.
You knew the following spells:

 Your Spells              Type           Power        Failure   Level  Hunger
a - Summon Small Mammal   Summ           ####         1%          1    None
b - Call Imp              Summ           ######..     1%          2    None
c - Summon Lightning Spi  Summ/Air       ######..     3%          4    None
d - Confusing Touch       Hex            ######       1%          1    None

Your spell library contained the following spells:

 Spells                   Type           Power        Failure   Level  Hunger
 Summon Butterflies       Summ           ######..     1%          1    None
 Slow                     Hex            ######..     1%          2    None
 Call Canine Familiar     Summ           ######..     1%          3    None
 Summon Guardian Golem    Hex/Summ       ######..     1%          3    None
 Tukima's Dance           Hex            ######..     2%          3    None
 Airstrike                Air            ######....   2%          4    None
 Shock                    Conj/Air       ####         3%          1    None
 Swiftness                Chrm/Air       #####...     4%          2    None
 Static Discharge         Conj/Air       #####...     9%          3    None
 Mephitic Cloud           Conj/Pois/Air  ####....     19%         3    None
 Animate Skeleton         Necr           N/A          30%         1    None
 Apportation              Tloc           ###...       30%         1    None
 Beastly Appendage        Tmut           ###...       30%         1    None
 Magic Dart               Conj           ###.         30%         1    None
 Summon Ice Beast         Ice/Summ       #####...     36%         4    None
 Blink                    Tloc           N/A          41%         2    None
 Shroud of Golubria       Chrm/Tloc      ###.......   41%         2    None
 Sticks to Snakes         Tmut           ###.....     41%         2    None
 Lightning Bolt           Conj/Air       #####.....   63%         5    ####...
 Conjure Flame            Conj/Fire      ###.....     65%         3    None
 Gell's Gravitas          Tloc           ###.......   65%         3    None
 Lesser Beckoning         Tloc           ###.......   65%         3    None
 Ozocubu's Armour         Chrm/Ice       ###.....     65%         3    None
 Spider Form              Tmut/Pois      ###.......   65%         3    None
 Teleport Other           Tloc           ###.....     65%         3    None
 Invisibility             Hex            ######..     78%         6    #####..
 Ice Form                 Ice/Tmut       ###.....     96%         4    None
 Passage of Golubria      Tloc           N/A          96%         4    None
 Alistair's Intoxication  Tmut/Pois      ###.....     100%        5    ####...
 Blade Hands              Tmut           ###.......   100%        5    ####...
 Bolt of Magma            Conj/Fire/Erth ###.......   100%        5    ####...
 Iskenderun's Battlesphe  Conj/Chrm      ###.....     100%        5    ####...
 Venom Bolt               Conj/Pois      ###.......   100%        5    ####...
 Iron Shot                Conj/Erth      ###.......   100%        6    #####..
 Simulacrum               Ice/Necr       ###.......   100%        6    #####..
 Orb of Destruction       Conj           ###.......   100%        7    #######
 Spellforged Servitor     Conj/Summ      #####.....   100%        7    #######


Dungeon Overview and Level Annotations

Branches:
Dungeon (15/15)            Temple (1/1) D:4            Lair (6/6) D:11
  Swamp (0/4) Lair:3       Spider (4/4) Lair:4        Slime (0/5) Lair:5
    Orc (2/2) D:10            Elf (0/3) Orc:2        Vaults (0/5) D:14
 Depths (0/5) D:15

Altars:
Ashenzari
Cheibriados
Dithmenos
Elyvilon
Fedhas
Gozag
Hepliaklqana
Kikubaaqudgha
Makhleb
Nemelex Xobeh
Okawaru
Qazlal
Ru
Sif Muna
Trog
Uskayaw
Vehumet
Wu Jian
Xom
Yredelemnul
Zin
The Shining One
Beogh

Shops:
D:4 *   D:15 *![   Orc:2 ***(

Annotations:
D:12 1 runed translucent door, KrisU's ghost, journeyman MiBe
D:15 exclusion: Roxanne, Roxanne
Lair:1 exclusion: 2 oklob plants


Innate Abilities, Weirdness & Mutations

You are resistant to torment.
Your stone body is resilient. (AC +12)
You are immune to poison.
Your large and strong wings let you fly indefinitely.
You resist negative energy. (rN+)
You are resistant to electric shocks. (rElec)
You can survive without breathing.
You are immune to petrification.
You are immune to rotting.


Message History

Press: ? - help, Shift-Dir - straight line, f - jumping spider
Aim: a jumping spider You throw a javelin of penetration.
The javelin of penetration pierces through the jumping spider but does no damage.
The jumping spider pounces on you!
* * * LOW HITPOINT WARNING * * *
You block the jumping spider's attack.
The orb spider weaves a glowing orb of energy.
The jumping spider leaps!
The jumping spider pounces on you but does no damage.
The jumping spider bites you but does no damage.
An orb of destruction comes into view.
The jumping spider completely misses you.
The jumping spider misses you. The jumping spider pounces on you!
* * * LOW HITPOINT WARNING * * *
You are caught in a web!
The jumping spider bites you but does no damage.
The orb of destruction hits you!!!
You die...

, ,,,, ,#.^.^..≈..^..######.^#.
,, , ,,,,#...........≈^^.^^.###.
,,, , ∆##..........††....^.#...
, ,{#^..........†.....^..... **,
##............^.......^.. * ,
*#.............^..^≈^..... ,
^^.....^###########...... , ,
########^^..≈..^.^.^....... ,,
.^..^..^≈s@.............#.. ,, ,
......s○☼☼...........^..#.. , ,
..^....°................^.. ,, ,
s...^...†.....^.^.^^....^.. ≈ ,
,.^.^^^^.^^^..≈#######......
*#..≈(.^.^≈##### , ,.^......
,,,,*########†s....^,,,.........
, ,, , ,..≈...... ....^..#...
,,,,, ** ,............^^.^.^#...


You could see an orb spider and 2 jumping spiders.

Vanquished Creatures
  Bai Suzhen (Spider:3)
  Rupert (D:15)
  Jorgrun (D:15)
  A fire giant (D:13)
  An orc warlord (Orc:2)
  2 emperor scorpions
  A ghost moth (Spider:3)
  3 entropy weavers
  A stone giant (Orc:1)
  A dire elephant (Lair:3)
  Azrael (D:13)
  2 spark wasps
  Snorg (Lair:3)
  Josephine (Lair:6)
  4 ogre magi (D:13)
  The ghost of Thargor the Thaumaturge, a journeyman DEFE of Vehumet (D:13)
  A yaktaur captain (D:15)
  4 hydras
  Fannar (Orc:1)
  3 catoblepae
  Erolcha (D:13)
  5 centaur warriors
  A vampire mage (D:13)
  6 two-headed ogres
  2 tengu warriors (D:14)
  A deep troll shaman (Lair:6)
  2 orc high priests (Orc:2)
  6 death yaks
  A wizard (D:13)
  8 orb spiders
  4 orc knights
  3 deep elf magi
  The ghost of steinardarri the Shooter, a novice CeAM of Hepliaklqana (D:8)
  10 ugly things
  19 wolf spiders
  4 orc sorcerers
  A black mamba (Lair:4)
  A cyclops (D:15)
  6 elephants
  2 manticores
  Maurice (D:13)
  A torpor snail (Spider:1)
  2 freezing wraiths
  5 centaur skeletons
  10 spiny frogs
  A spiny frog (shapeshifter) (D:14)
  3 rime drakes
  7 komodo dragons
  3 kobold demonologists (D:13)
  An efreet (D:15)
  A yaktaur (D:15)
  5 trolls
  2 tengu conjurers
  4 demonic crawlers
  A queen bee (Lair:5)
  10 hornets
  A harpy skeleton (D:15)
  17 jumping spiders
  Grinder (D:4)
  2 meliai (Lair:5)
  3 dream sheep (Lair:6)
  9 hippogriffs
  17 slime creatures
  11 blink frogs
  40 redbacks
  6 wraiths
  33 yaks
  25 tarantellas
  3 wyverns
  A fire elemental (D:13)
  The ghost of yogakurto the Chucker, an amateur CeAs (D:3)
  A hungry ghost (D:12)
  2 basilisks
  17 vampire mosquitoes
  2 wargs
  2 soldier ants
  An acid dragon (D:14)
  3 porcupines
  5 hell hounds (D:13)
  8 water moccasins
  2 ice beasts
  8 black bears
  2 sky beasts
  20 orc warriors
  A hornet zombie (D:14)
  12 ogres
  An eye of draining (D:9)
  13 wolves
  2 phantoms
  17 centaurs
  12 crocodiles
  22 bullfrogs
  A water moccasin zombie (D:6)
  3 scorpions
  13 wights
  28 killer bees
  2 howler monkeys
  An electric eel (D:12)
  4 jellies
  6 crimson imps
  4 bullfrog zombies
  13 hounds
  A quasit (D:9)
  A bullfrog skeleton (D:4)
  16 orc priests
  16 orc wizards
  Crazy Yiuf (D:4)
  An iguana (D:4)
  Ijyb (D:4)
  10 hell rats
  7 worker ants
  A killer bee zombie (D:6)
  A hound skeleton (D:4)
  A worker ant zombie (D:9)
  A howler monkey skeleton (D:10)
  4 gnolls
  15 adders
  3 river rats (Lair:3)
  4 shadow imps
  4 worms
  An adder skeleton (D:6)
  3 dart slugs
  6 leopard geckos
  54 orcs
  5 bats
  6 giant cockroaches
  5 goblins
  6 hobgoblins
  4 jackals
  7 kobolds
  5 quokkas
  3 ball pythons
  4 frilled lizards
  A jackal skeleton (D:4)
  15 rats
  A plant (Lair:4)
785 creatures vanquished.

Vanquished Creatures (collateral kills)
  A ghost moth (Spider:4)
  An emperor scorpion (Spider:4)
  Nessos (D:15)
  A hydra (Lair:6)
  3 two-headed ogres
  2 death yaks
  An orc high priest (Orc:2)
  Sonja (D:11)
  2 orc knights
  5 ugly things
  2 wolf spiders (Spider:3)
  An orc sorcerer (Orc:1)
  4 orb spiders
  A deep elf mage (D:13)
  4 elephants
  A black mamba (Lair:1)
  A gargoyle (D:13)
  A spiny frog (Lair:1)
  A komodo dragon (Lair:4)
  A demonic crawler (Spider:3)
  A meliai (Lair:5)
  A troll (D:12)
  3 hornets
  6 blink frogs
  5 jumping spiders
  7 slime creatures
  2 dream sheep (Lair:6)
  4 hippogriffs
  8 redbacks
  4 tarantellas
  2 water elementals (D:12)
  15 yaks
  A basilisk (Lair:5)
  3 vampire mosquitoes (D:15)
  A soldier ant (D:11)
  A warg (Orc:2)
  An acid dragon (D:13)
  A water moccasin (Lair:1)
  A porcupine (D:11)
  3 orc warriors
  3 ogres (Orc:1)
  An eye of draining (shapeshifter) (D:14)
  A necrophage (D:12)
  A crocodile (Lair:3)
  3 centaurs
  A big kobold (D:11)
  2 bullfrogs
  A scorpion (D:10)
  7 killer bees (Lair:5)
  A howler monkey (shapeshifter) (D:14)
  A hound (D:13)
  2 orc priests (Orc:2)
  An iguana (D:10)
  4 orc wizards
  A hell rat (Lair:5)
  A worker ant zombie (D:10)
  A shadow imp (D:10)
  5 orcs
  A hobgoblin (D:1)
  A frilled lizard (D:1)
  8 kobolds
  A rat (D:1)
153 creatures vanquished.

Vanquished Creatures (others)
  A hornet (Spider:4)
  A centaur (D:13)
  A shadow imp (D:12)
  2 orcs (D:13)
  26 fungi
  11 plants
42 creatures vanquished.

Grand Total: 980 creatures vanquished

Notes
Turn   | Place    | Note
-------+----------+-------------------------------------------
     0 | D:1      | Amplified the Gargoyle Wanderer began the quest for the
                  | Orb.
     0 | D:1      | Amplified set off with the following items: a +0 club, a
                  | potion of lignification, a potion of curing, a +0 robe, a
                  | ration; and the following spell memorised: Summon Small
                  | Mammal; and the following spells available to memorise:
                  | Call Imp, Call Canine Familiar, Summon Guardian Golem,
                  | Summon Ice Beast, Summon Lightning Spire
     0 | D:1      | Reached XP level 1. HP: 14/14 MP: 3/3
   474 | D:1      | Reached XP level 2. HP: 11/19 MP: 3/5
   757 | D:1      | Reached skill level 1 in Maces & Flails
   772 | D:1      | Learned a level 2 spell: Call Imp
  1124 | D:2      | Reached XP level 3. HP: 8/23 MP: 4/6
  1833 | D:2      | Reached XP level 4. HP: 21/29 MP: 7/7
  1982 | D:3      | Found a runed translucent door.
  1983 | D:3      | Noticed a bullfrog
  1990 | D:3      | Noticed yogakurto's ghost (amateur CeAs)
  2089 | D:3      | Reached skill level 1 in Long Blades
  2126 | D:3      | Reached XP level 5. HP: 33/33 MP: 8/8
  2176 | D:3      | Killed yogakurto's ghost
  2176 | D:3      | Reached XP level 6. HP: 29/40 MP: 5/9
  2441 | D:3      | Reached skill level 5 in Fighting
  2530 | D:3      | Reached XP level 7. HP: 43/44 MP: 7/10
  2983 | D:4      | Noticed Grinder
  3000 | D:4      | Paralysed by Grinder for 4 turns
  3009 | D:4      | Paralysed by Grinder for 5 turns
  3022 | D:4      | Killed Grinder
  3140 | D:4      | Found Xotz's Assorted Antiques.
  3148 | D:4      | Bought a scroll labeled FUROKHL GESK for 24 gold pieces
  3148 | D:4      | Bought a scroll labeled DUJISOCVEF for 24 gold pieces
  3230 | D:4      | Found a runed translucent door.
  3231 | D:4      | Noticed Crazy Yiuf
  3257 | D:4      | Found a staircase to the Ecumenical Temple.
  3299 | Temple   | Entered the Ecumenical Temple
  3502 | Temple   | Learned a level 4 spell: Summon Lightning Spire
  3587 | D:4      | Killed Crazy Yiuf
  3693 | D:4      | Reached XP level 8. HP: 47/51 MP: 11/11
  3963 | D:4      | Noticed Ijyb
  3973 | D:4      | Killed Ijyb
  4150 | D:5      | Entered Level 5 of the Dungeon
  4240 | D:5      | Reached skill level 1 in Air Magic
  4279 | D:5      | Found a sparkling altar of Nemelex Xobeh.
  4600 | D:5      | Found an ornate altar of the Wu Jian Council.
  4688 | D:5      | Found a burning altar of Makhleb.
  4694 | D:5      | Noticed an Executioner
  4697 | D:5      | Noticed an orange demon
  4697 | D:5      | Noticed a smoke demon
  4767 | D:5      | Found a glowing silver altar of Zin.
  4977 | D:6      | Identified a scroll of acquirement
  4981 | D:6      | Found the +13 scythe of Curses {drain, *Curse}
  5130 | D:6      | Found a shattered altar of Ashenzari.
  5296 | D:6      | Reached skill level 1 in Polearms
  5330 | D:6      | Became a worshipper of Ashenzari the Shackled
  5387 | D:7      | Reached skill level 5 in Summonings
  5390 | D:7      | Reached XP level 9. HP: 47/56 MP: 12/12
  5400 | D:7      | Reached skill level 2 in Polearms
  5580 | D:7      | HP: 2/56 [centaur (6)]
  5581 | D:7      | Reached skill level 3 in Polearms
  5936 | D:7      | Found a burning altar of Makhleb.
  5940 | D:7      | Found a bloodstained altar of Trog.
  5941 | D:7      | Found a shadowy altar of Dithmenos.
  5941 | D:7      | Found a snail-covered altar of Cheibriados.
  6253 | D:4      | Bought a brightly glowing chain mail for 228 gold pieces
  6253 | D:4      | Identified the +7 chain mail of Vuxanod {rPois Str+2 Int+3
                  | Dex-5} (You bought it in a shop on level 4 of the Dungeon)
  6253 | D:4      | Bought an orange potion for 21 gold pieces
  6413 | D:8      | Noticed a troll
  6418 | D:8      | Killed a troll
  6471 | D:8      | Found an iron altar of Okawaru.
  6497 | D:8      | Found a glowing golden altar of the Shining One.
  6511 | D:8      | Found an ancient bone altar of Kikubaaqudgha.
  6620 | D:8      | Reached skill level 4 in Polearms
  6627 | D:8      | Found a runed translucent gate.
  6628 | D:8      | Found a runed translucent gate.
  6628 | D:8      | Found a runed translucent gate.
  6628 | D:8      | Noticed steinardarri's ghost (novice CeAM)
  6632 | D:8      | Identified the cursed +1 plate armour "Kezust" {Regen+
                  | Int+4}
  6633 | D:8      | Found a roughly hewn altar of Beogh.
  6663 | D:8      | Reached skill level 5 in Dodging
  6663 | D:8      | Reached XP level 10. HP: 63/63 MP: 13/13
  7112 | D:8      | Killed steinardarri's ghost
  7112 | D:8      | Reached skill level 1 in Armour
  7170 | D:8      | Got the uncursed helmet of Herustor {rCorr Int-4 Dex+2}
  7176 | D:8      | Identified the +0 helmet of Herustor {rCorr Int-4 Dex+2}
                  | (You found it on level 8 of the Dungeon)
  7386 | D:9      | Noticed a two-headed ogre
  7398 | D:9      | Killed a two-headed ogre
  7398 | D:9      | Reached skill level 5 in Polearms
  7398 | D:9      | Reached skill level 5 in Air Magic
  7418 | D:9      | Reached * piety under Ashenzari
  7449 | D:9      | Noticed a two-headed ogre
  7453 | D:9      | Killed a two-headed ogre
  7833 | D:9      | Reached XP level 11. HP: 68/68 MP: 15/15
  7846 | D:9      | Reached skill level 6 in Polearms
  7946 | D:9      | Noticed a two-headed ogre
  7953 | D:9      | Killed a two-headed ogre
  8469 | D:9      | Found a deep blue altar of Sif Muna.
  8508 | D:10     | Entered Level 10 of the Dungeon
  8514 | D:10     | Noticed a two-headed ogre
  8526 | D:10     | Killed a two-headed ogre
  8705 | D:10     | Found a staircase to the Orcish Mines.
  8800 | D:10     | Reached skill level 7 in Polearms
  8808 | D:10     | Reached skill level 5 in Spellcasting
  8822 | D:10     | Identified the Volume of the Frostbite and Flight
  8946 | D:10     | Reached ** piety under Ashenzari
  9150 | D:11     | Noticed a manticore
  9156 | D:11     | Killed a manticore
  9271 | D:11     | Reached skill level 5 in Armour
  9291 | D:11     | Found a staircase to the Lair.
  9676 | D:11     | Noticed Sonja
  9688 | D:11     | Killed Sonja
  9688 | D:11     | Reached XP level 12. HP: 66/76 MP: 21/21
  9969 | D:12     | Reached skill level 8 in Polearms
 10169 | D:12     | Found a runed translucent door.
 10170 | D:12     | Found a shimmering altar of Xom.
 10170 | D:12     | Noticed KrisU's ghost (journeyman MiBe)
 10171 | D:12     | Identified the +4 scimitar "Wafutt" {chaos, +Rage rC+ Dex-2
                  | SInv}
 10369 | D:12     | Noticed a two-headed ogre
 10383 | D:12     | Killed a two-headed ogre
 10441 | D:12     | Reached skill level 9 in Polearms
 10460 | D:12     | Got the uncursed chain mail "Vutilirch" {Regen+}
 10517 | D:12     | Reached *** piety under Ashenzari
 10680 | D:12     | Noticed a two-headed ogre
 10685 | D:12     | Killed a two-headed ogre
 10737 | D:13     | Found a runed translucent gate.
 10737 | D:13     | Found a runed translucent gate.
 10737 | D:13     | Found a runed translucent gate.
 10737 | D:13     | Noticed Azrael
 10865 | Lair:1   | Entered Level 1 of the Lair of Beasts
 11096 | Lair:1   | Reached skill level 10 in Fighting
 11391 | Lair:1   | Noticed a four-headed hydra
 11398 | Lair:1   | Killed a four-headed hydra
 11398 | Lair:1   | Reached XP level 13. HP: 67/82 MP: 25/25
 11881 | Lair:2   | Found an opulent altar of Gozag.
 12130 | Lair:2   | Reached **** piety under Ashenzari
 12404 | Lair:3   | Reached skill level 10 in Polearms
 12480 | Lair:3   | Identified a +2 pair of boots of running
 12543 | Lair:3   | Noticed Snorg
 12553 | Lair:3   | Killed Snorg
 12723 | Lair:3   | Found a staircase to the Swamp.
 12761 | Lair:3   | Noticed a dire elephant
 12771 | Lair:3   | Killed a dire elephant
 12923 | Lair:3   | Learned a level 1 spell: Confusing Touch
 13048 | Lair:3   | Identified the amulet "Tamats" {Reflect *Corrode rF+ rN+++
                  | Int+2 SH+6}
 13329 | Lair:4   | Reached skill level 1 in Hexes
 13666 | Lair:4   | Found a hole to the Spider Nest.
 13671 | Lair:4   | Reached skill level 11 in Polearms
 13986 | Lair:5   | Reached ***** piety under Ashenzari
 13991 | Lair:5   | Gained mutation: Your large and strong wings let you fly
                  | indefinitely. [Gargoyle growth]
 13991 | Lair:5   | Reached XP level 14. HP: 90/90 MP: 27/27
 14337 | Lair:5   | Identified the +10 whip "Yrecs" {flame, +Inv}
 14472 | Lair:5   | Identified the +11 glaive of Expedience {freeze, rElec
                  | Str+2 Int+6}
 14660 | Lair:5   | Found a staircase to the Slime Pits.
 15129 | Lair:6   | Entered Level 6 of the Lair of Beasts
 15190 | Lair:6   | Noticed Josephine
 15197 | Lair:6   | Killed Josephine
 15200 | Lair:6   | Reached skill level 5 in Hexes
 15284 | Lair:6   | Identified the +4 chain mail "Vutilirch" {Regen+} (You
                  | found it on level 12 of the Dungeon)
 15527 | Lair:6   | Reached skill level 12 in Polearms
 16165 | Orc:1    | Entered Level 1 of the Orcish Mines
 16342 | Orc:1    | Noticed Fannar
 16350 | Orc:1    | Killed Fannar
 16495 | Orc:2    | Entered Level 2 of the Orcish Mines
 16498 | Orc:2    | Noticed a stone giant
 16821 | Orc:1    | Killed a stone giant
 16976 | Orc:2    | Found a staircase to the Elven Halls.
 16999 | Orc:2    | Reached XP level 15. HP: 80/96 MP: 28/28
 17026 | Orc:2    | Noticed an orc warlord
 17040 | Orc:2    | Killed an orc warlord
 17246 | Orc:2    | Paralysed by an orc sorcerer for 6 turns
 17254 | Orc:2    | Paralysed by an orc sorcerer for 7 turns
 17267 | Orc:2    | Found Qeeno's General Store.
 17267 | Orc:2    | Found Cuolagan's Antique Weapon Emporium.
 17281 | Orc:2    | Found Yberuryu's Assorted Antiques.
 17281 | Orc:2    | Found Eseceuwk's Assorted Antiques.
 17287 | Orc:2    | Bought a scroll of fog for 30 gold pieces
 17289 | Orc:2    | Bought a pair of embroidered gloves for 255 gold pieces
 17289 | Orc:2    | Bought a potion of heal wounds for 170 gold pieces
 17289 | Orc:2    | Bought a potion of curing for 102 gold pieces
 17777 | Orc:2    | Bought 2 potions of mutation for 240 gold pieces
 17777 | Orc:2    | Bought a wand of acid (7) for 330 gold pieces
 17777 | Orc:2    | Bought a scroll of magic mapping for 52 gold pieces
 17779 | Orc:2    | Bought a scroll of identify for 68 gold pieces
 17779 | Orc:2    | Bought a dented platinum amulet for 170 gold pieces
 17781 | Orc:2    | Bought a scroll of identify for 44 gold pieces
 17781 | Orc:2    | Bought a scroll of identify for 44 gold pieces
 17781 | Orc:2    | Bought a potion of might for 88 gold pieces
 17929 | D:13     | Killed Azrael
 17997 | D:13     | Found an opulent altar of Gozag.
 17997 | D:13     | Noticed a fire giant
 17997 | D:13     | Noticed Thargor's ghost (journeyman DEFE)
 18238 | D:13     | Found a sacrificial altar of Ru.
 18364 | D:13     | Noticed Erolcha
 18369 | D:13     | Killed Erolcha
 18369 | D:13     | Reached skill level 13 in Polearms
 18463 | D:13     | Noticed Maurice
 18472 | D:13     | Killed Maurice
 18508 | D:13     | Found the +12 glaive of Prune {chop}
 18829 | D:13     | Killed a fire giant
 18881 | D:13     | Killed Thargor's ghost
 19733 | D:14     | Reached XP level 16. HP: 103/103 MP: 16/29
 19879 | D:14     | Found a gate to the Vaults.
 19941 | D:15     | Entered Level 15 of the Dungeon
 19941 | D:15     | Noticed Rupert
 19948 | D:15     | Killed Rupert
 20021 | D:15     | Found Sugedwos's Armour Boutique.
 20024 | D:15     | Bought the +3 cloak of Banu {rC+ Dex+4 Slay+3} for 708 gold
                  | pieces
 20062 | D:15     | Reached ****** piety under Ashenzari
 20094 | D:15     | Noticed Jorgrun
 20104 | D:15     | Killed Jorgrun
 20197 | D:15     | Noticed Nessos
 20205 | D:15     | Killed Nessos
 20391 | D:15     | Found a staircase to the Depths.
 20433 | D:15     | Found Ehad's Assorted Antiques.
 20440 | D:15     | Bought an ivory wand for 92 gold pieces
 20491 | D:15     | Found a shadowy altar of Dithmenos.
 20505 | D:15     | Found Olier's Distillery.
 20513 | D:15     | Bought a potion of heal wounds for 65 gold pieces
 20539 | D:15     | Noticed Roxanne
 20935 | Spider:1 | Entered Level 1 of the Spider Nest
 21042 | Spider:1 | Reached skill level 14 in Polearms
 21481 | Spider:1 | Reached skill level 10 in Spellcasting
 23319 | Spider:3 | Reached XP level 17. HP: 99/109 MP: 27/31
 23653 | Spider:3 | Noticed Bai Suzhen
 23677 | Spider:3 | Killed Bai Suzhen
 23864 | Spider:4 | Entered Level 4 of the Spider Nest
 23864 | Spider:4 | Found the +10 large shield of Ignorance {rN+ Int-4}
 24146 | Spider:4 | Blown up by an orb spider

Skill      XL: |  1  2  3  4  5  6  7  8  9 10 11 12 13 14 15 16 17 |
---------------+----------------------------------------------------+-----
Maces & Flails | 1 |  1.1
Dodging        | 2 3 4 5 6 7 8 |  8.1
Fighting       | 4 5 6 7 8 9 10 11 12 13 | 13.9
Summonings     | 2 3 4 5 6 7 |  7.2
Long Blades    | 1 2 3 4 |  4.1
Air Magic      | 2 4 5 8 |  8.8
Polearms       | 1 4 5 7 9 11 12 13 14 | 14.9
Armour         | 3 5 7 8 9 |  9.6
Spellcasting   | 3 6 8 9 10 11 | 11.3
Hexes          | 2 5 |  5.9
Throwing       | |  1.7

Action                   |  1- 3 |  4- 6 |  7- 9 | 10-12 | 13-15 | 16-18 || total
-------------------------+-------+-------+-------+-------+-------+-------++-------
Melee: Club              |   107 |       |       |       |       |       ||   107
       Long sword        |    35 |    93 |   195 |       |       |       ||   323
       Scythe            |       |       |   112 |   454 |   922 |   525 ||  2013
Throw: Stone             |       |       |     1 |     8 |       |       ||     9
       Throwing net      |       |       |       |     2 |     2 |       ||     4
       Javelin           |       |       |       |       |     3 |     1 ||     4
 Cast: Summon Small Mamm |    21 |       |     1 |       |       |       ||    22
       Call Imp          |     1 |     3 |     3 |       |       |       ||     7
       Summon Lightning  |       |       |       |       |       |     3 ||     3
Invok: Curse Item        |       |       |       |       |     1 |     3 ||     4
Evoke: Wand              |       |       |     1 |    10 |    46 |     1 ||    58
  Use: Scroll            |     7 |       |    11 |    14 |    12 |     2 ||    46
       Potion            |     2 |     1 |     7 |     3 |    10 |     1 ||    24
 Stab: Distracted        |     1 |       |     1 |       |     2 |     2 ||     6
       Sleeping          |       |       |     2 |       |       |       ||     2
       Invisible         |       |       |     1 |       |       |       ||     1
       Petrified         |       |       |       |       |     3 |       ||     3
       Petrifying        |       |       |       |       |     1 |       ||     1
       Confused          |       |       |       |       |     3 |       ||     3
       Held in net/web   |       |       |       |       |       |     1 ||     1
  Eat: Chunk             |     1 |     3 |    12 |    17 |     7 |     6 ||    46
       Ration            |     2 |       |     1 |       |     6 |     2 ||    11
Armor: Robe              |    80 |    25 |    88 |       |       |       ||   193
       Skin              |       |    34 |       |       |       |       ||    34
       Chain mail        |       |       |    30 |   535 |   883 |   502 ||  1950
Dodge: Dodged            |   124 |    64 |   251 |   278 |   528 |   283 ||  1528
Block: Other             |       |       |       |       |   286 |   174 ||   460
       Reflection        |       |       |       |       |    14 |     6 ||    20
       Rpst.: Long sword |     7 |    24 |    40 |       |       |       ||    71
